 Dungeon Crawl Stone Soup version 0.31-a0-232-gb1c03b2570 (webtiles) character file.

Game seed: 2591739801649509536

154 qw the Shooter (level 5, 0/31 HPs)
             Began as a Gargoyle Hexslinger on July 7, 2023.
             Slain by an orc wizard
             ... wielding a +0 dagger
              (3 damage)
             ... on level 3 of the Dungeon.
             The game lasted 00:00:50 (1994 turns).

qw the Shooter (Gargoyle Hexslinger)                Turns: 1994, Time: 00:00:50

Health: 0/31       AC:  6    Str: 11    XL:     5   Next: 35%
Magic:  6/6        EV: 12    Int: 14    God:
Gold:   29         SH:  0    Dex: 14    Spells: 5/6 levels left

rFire   . . .        Y - +1 sling
rCold   . . .        (no shield)
rNeg    + . .        c - +0 robe
rPois   inf          (no helmet)
rElec   +            (no cloak)
rCorr   .            (no gloves)
SInv    .            (no boots)
Will    .....        (no amulet)
Stlth   +            (no ring)
HPRegen 0.25/turn    (no ring)
MPRegen 0.10/turn

%: no passive effects
@: confused
A: sickness immunity, AC +4, negative energy resistance 1, electricity
resistance, torment resistance 1, petrification resistance
a: no special abilities


You were on level 3 of the Dungeon.
You visited 1 branch of the dungeon, and saw 3 of its levels.

You collected 99 gold pieces.
You spent 70 gold pieces at shops.


Innate Abilities, Weirdness & Mutations

You are immune to sickness and miasma.
Your stone body is resilient. (AC +4)
You are immune to poison.
You resist negative energy. (rN+)
You are resistant to electric shocks. (rElec)
You are resistant to unholy torment.
You are immune to petrification.


   Skills:
 + Level 2.4 Fighting
 - Level 5.0 Ranged Weapons
 - Level 1.5 Dodging
 - Level 1.0 Spellcasting
 - Level 2.6 Hexes


You had 5 spell levels left.
You knew the following spells:

 Your Spells              Type           Power      Damage    Failure   Level
a - Slow                  Hex            32%        N/A       9%          1

Your spell library contained the following spells:

 Spells                   Type           Power      Damage    Failure   Level
 Inner Flame              Hex/Fire       4%         N/A       41%         3
 Portal Projectile        Hex/Tloc       8%         N/A       41%         3
 Cause Fear               Hex            4%         N/A       65%         4

Inventory:

Hand Weapons
 Y - a +1 sling (weapon)
Armour
 c - a +0 robe (worn)
Scrolls
 a - 2 scrolls of enchant weapon {unknown}
 d - a scroll of identify
Potions
 b - a potion of might
 e - 2 potions of enlightenment
 h - a potion of heal wounds {unknown}

Dungeon Overview and Level Annotations

Branches:
Dungeon (3/15)

Altars:
Cheibriados

Shops:
D:2 !


Message History

1978 ||| FLEEEEING.
1979 ||| FLEEEEING.
1980 ||| STILL FLEEEEING.
1981 ||| STILL FLEEEEING.
1982 ||| FLEEEEING.
1983 ||| FLEEEEING. 2 orcs come into view.
The orc shouts!
You shoot a sling bullet. The sling bullet hits the orc.
The orc is lightly wounded.
The orc hits you but does no damage.
The orc wizard points at you and mumbles some strange words.
You are confused.
The orc hits you with a +0 club.
The orc wizard points at you and mumbles some strange words.
The puff of flame hits you!
1985 ||| DRINKING potion of curing.
You feel better.
1985 ||| (to cure confusion)
The orc hits you with a +0 club.
You shoot a sling bullet. The sling bullet hits the orc.
The orc is heavily wounded.
The orc barely misses you.
You shoot a sling bullet. The sling bullet hits the orc.
The orc is almost dead.
The orc misses you. The orc hits you with a +0 hand axe.
The orc wizard gestures wildly while chanting.
The orc wizard flickers and vanishes!
Deactivating autopickup; reactivate with Ctrl-A.
You shoot a sling bullet. The sling bullet barely misses the orc.
The orc hits you with a +0 hand axe. The orc hits you with a +0 club.
You are confused.
The orc hits you but does no damage. The orc hits you with a +0 club.
The orc hits you but does no damage. The orc closely misses you.
The orc hits you with a +0 hand axe. The orc hits you with a +0 club.
The orc barely misses you. The orc hits you but does no damage.
The orc hits you but does no damage. The orc closely misses you.
Something hits you but does no damage. The orc hits you but does no damage.
The orc barely misses you. Something hits you.
You die...

#.#
#...............
#.#
#...............
#o#
######..#.......
#)# #..#.......
#)# #..#######.
#..#######.##
#.....:......
#..........#
#######@#######
......oo#######.
......).........
....###.#######.
................
###.###.#######.
#.# #.#
####.###.# ...+
#........# ...##


You could see 2 orcs.

Vanquished Creatures
  Natasha (thrice) (D:2)
  3 adders
  A worm (D:2)
  2 dart slugs
  2 orcs (D:3)
  9 ball pythons
  5 bats
  A giant cockroach (D:1)
  5 goblins
  5 hobgoblins
  7 frilled lizards
  3 kobolds
  3 rats
49 creatures vanquished.

Notes
Turn   | Place    | Note
-------+----------+-------------------------------------------
     0 | D:1      | qw the Gargoyle Hexslinger began the quest for the Orb.
     0 | D:1      | Reached XP level 1. HP: 12/12 MP: 2/2
     0 | D:1      | 0 ||| qw: Version: 0.3-a-46-gb1f654a
     0 | D:1      | 0 ||| qw: Game counter: 2694
     0 | D:1      | 0 ||| qw: Melee chars always use a shield: true
     0 | D:1      | 0 ||| qw: God list: Okawaru
     0 | D:1      | 0 ||| qw: Allow faded altars: false
     0 | D:1      | 0 ||| qw: Do Orc after clearing Dungeon:15 true
     0 | D:1      | 0 ||| qw: Do second Lair branch before Depths: true
     0 | D:1      | 0 ||| qw: Lair rune preference: random
     0 | D:1      | 0 ||| qw: Goals: Normal
     0 | D:1      | 0 ||| PLANNING D:1-11
    52 | D:1      | 52 ||| DROPPING scroll of poison.
    61 | D:1      | Reached XP level 2. HP: 16/16 MP: 3/3
   293 | D:1      | Reached skill level 3 in Ranged Weapons
   515 | D:1      | Reached XP level 3. HP: 21/21 MP: 4/4
   752 | D:1      | Found a faded altar of an unknown god.
   873 | D:1      | 873 ||| READING scroll labelled VAGGAAD DOCLU.
   874 | D:1      | 874 ||| READING 3 scrolls labelled QUNTEUVOAD.
   875 | D:1      | 875 ||| READING scroll labelled UDGHIKL MONIOZO.
   876 | D:1      | 876 ||| READING scroll labelled IGHE GUAL SUDD.
   880 | D:1      | 880 ||| READING 2 scrolls of identify.
   880 | D:1      | 880 ||| IDENTIFYING clear potion
  1061 | D:2      | Found a snail-covered altar of Cheibriados.
  1093 | D:2      | HP: 3/21 [adder (3)]
  1094 | D:2      | 1094 ||| READING scroll of teleportation.
  1169 | D:2      | Noticed Natasha
  1170 | D:2      | 1170 ||| Stepping ~*~*~tactically~*~*~ (outnumbered).
  1172 | D:2      | 1172 ||| Stepping ~*~*~tactically~*~*~ (outnumbered).
  1182 | D:2      | Killed Natasha
  1183 | D:2      | Reached skill level 4 in Ranged Weapons
  1183 | D:2      | Reached XP level 4. HP: 14/26 MP: 5/5
  1260 | D:2      | Noticed Natasha
  1269 | D:2      | Killed Natasha
  1418 | D:2      | Found Cusigecs's Distillery.
  1427 | D:2      | 1427 ||| BUYING potion of enlightenment (70 gold).
  1427 | D:2      | Bought a potion of enlightenment for 70 gold pieces
  1427 | D:2      | 1427 ||| SHOPLISTING potion of heal wounds (70 gold, have
                  | 1).
  1604 | D:2      | Noticed Natasha
  1613 | D:2      | HP: 4/26 [cerulean imp/+0 spear[Natasha] (5)]
  1614 | D:2      | Killed Natasha
  1615 | D:2      | Reached XP level 5. HP: 5/30 MP: 6/6
  1724 | D:2      | Reached skill level 5 in Ranged Weapons
  1792 | D:2      | 1792 ||| READING 2 scrolls labelled XEL QISTOLIC.
  1793 | D:2      | 1793 ||| READING 2 scrolls of identify.
  1793 | D:2      | 1793 ||| IDENTIFYING bubbling clear potion
  1794 | D:2      | 1794 ||| DROPPING scroll of immolation.
  1967 | D:3      | 1967 ||| FLEEEEING.
  1968 | D:3      | 1968 ||| FLEEEEING.
  1969 | D:3      | 1969 ||| FLEEEEING.
  1978 | D:3      | 1978 ||| FLEEEEING.
  1979 | D:3      | 1979 ||| FLEEEEING.
  1982 | D:3      | 1982 ||| FLEEEEING.
  1983 | D:3      | 1983 ||| FLEEEEING.
  1985 | D:3      | 1985 ||| DRINKING potion of curing.
  1985 | D:3      | 1985 ||| (to cure confusion)
  1989 | D:3      | HP: 5/31 [orc/+0 club (4)]
  1991 | D:3      | HP: 2/31 [orc/+0 club (1)]
  1994 | D:3      | Slain by an orc wizard

Levels and vault maps discovered:
D:1:      erik_arrival_cave_to_civilisation [erik_arrival_cave_to_hall],
          layout_basic, chequers_ecumenical_altar_grove
D:2:      layout_loops_ring, serial_shops, shop, basic_altar, uniq_natasha
D:3:      layout_basic, serial_shops, nicolae_shop_peninsula

Skill      XL: |  1  2  3  4  5 |
---------------+----------------+-----
Ranged Weapons | 3 4 5 |  5.0
Fighting       | 2 |  2.4
Dodging        | |  1.5
Spellcasting   | |  1.0
Hexes          | |  2.6

Action                     |  1- 3 |  4- 6 || total
---------------------------+-------+-------++-------
   Fire: Sling             |   114 |    74 ||   188
    Use: Scroll            |     6 |     2 ||     8
         Potion            |       |     1 ||     1
 Armour: Robe              |    26 |    18 ||    44
  Dodge: Dodged            |    56 |    26 ||    82

Table legend:
 A = Non-vault XP
 B = Vault XP
 C = Vault XP percentage of total XP
 D = Non-vault monster count
 E = Vault monster count
 F = Vault count percentage of total count
                 A         B        C        D         E       F
            +---------+---------+-------+---------+---------+-------
      Total |     182 |      38 |  17.3 |      46 |       3 |   6.1
            +---------+---------+-------+---------+---------+-------
        D:1 |      35 |       3 |   7.9 |      21 |       2 |   8.7
        D:2 |     124 |      35 |  22.0 |      18 |       1 |   5.3
        D:3 |      23 |       0 |   0.0 |       7 |       0 |   0.0
            +---------+---------+-------+---------+---------+-------
